AoeStats
← Swarm

Northern Isles

510398613Analyzed
1v1 RM · 2d ago on Sep 30, 2026· 27m 39s· 2 players
Game mode
Random Map
Map size
Tiny (2 player)
Population
200
Speed
Normal
Resources
Standard
Victory
Conquest
Starting age
Dark Age
Ending age
Imperial Age
RankedLock teamsTeams togetherTeam positionsShared explorationLock speedFull tech treeHidden civsTurbo modeCheats
Victory
Defeat
🇩🇪 Koreans · Germany
1270
+17
🇨🇦 Varangians · Canada
1284
-17
Swarm
11:37 Feudal Age
15:22 Castle Age
16:29 Double-Bit Axe
17:28 Medium Warships
17:34 Loom
17:52 Gold Mining
20:16 Bow Saw
21:44 Gold Shaft Mining
22:06 Forging
23:44 Horse Collar
28:01 Heavy Plow
Dangman
10:50 Feudal Age
10:12 Loom
11:32 Double-Bit Axe
11:45 Fishing Lines
16:09 Castle Age
15:20 Scale Barding Armor
16:53 Bloodlines
17:29 Medium Warships
18:02 Forging
20:44 Husbandry
22:10 Iron Casting
25:56 Chain Barding Armor
26:19 Fletching
Connection lost

Rejoining the realm…

Still unreachable

The connection could not be restored.

Session expired

The server has moved on; the page needs a fresh start.